 Dungeon Crawl Stone Soup version 0.20-a0-738-gb057e68 (webtiles) character file.

1502 Gorglomux the Magician (level 8, -1/41 HPs)
             Began as a Deep Elf Wizard on Feb 23, 2017.
             Was a Believer of Sif Muna.
             Slain by a bullfrog zombie (2 damage)
             ... on level 6 of the Dungeon.
             The game lasted 00:17:38 (6321 turns).

Gorglomux the Magician (Deep Elf Wizard)            Turns: 6321, Time: 00:17:39

Health: -1/41      AC:  2    Str:  4    XL:     8   Next: 52%
Magic:  3/21       EV: 13    Int: 26    God:    Sif Muna [**....]
Gold:   451        SH:  5    Dex: 13    Spells: 13/22 levels left

rFire    . . .     SeeInvis +   T - +2 whip (venom)
rCold    + . .     Gourm    .   a - +0 robe
rNeg     . . .     Faith    .   (no shield)
rPois    .         Spirit   .   b - +0 hat
rElec    .         Reflect  +   y - scarf {rC+}
rCorr    .         Harm     .   (no gloves)
MR       .....                  (no boots)
Stlth    ++........             P - +5 amulet of reflection
Regen    0.2/turn               (no ring)
MPRegen  0.2/turn               s - ring of see invisible

@: lethally poisoned (-1 -> -2), very slightly contaminated
A: no striking features
a: Divine Energy, Renounce Religion


You were on level 6 of the Dungeon.
You worshipped Sif Muna.
Sif Muna was pleased with you.
You were not hungry.

You visited 2 branches of the dungeon, and saw 7 of its levels.
You also visited: Sewer.

You collected 451 gold pieces.

Inventory:

Hand Weapons
 T - a +2 whip of venom (weapon)
 Y - a +0 dagger
Missiles
 Z - a throwing net (quivered)
Armour
 a - a +0 robe (worn)
 b - a +0 hat (worn)
 y - a scarf of cold resistance (worn)
 V - the +1 ring mail "Tuskeos" {rN+ Int+2, unknown}
   (You found it on level 4 of the Dungeon)

   It affects your intelligence (+2).
   It protects you from negative energy.
Jewellery
 s - a ring of see invisible (left hand)
 P - a +5 amulet of reflection (around neck)
Scrolls
 g - a scroll of fear
 x - a scroll of random uselessness
 z - a scroll of remove curse
 M - 2 scrolls of magic mapping
Potions
 h - 5 potions of haste
 i - 2 potions of heal wounds
 q - 2 potions of curing
 r - 2 potions of lignification
 U - 2 potions of agility
 W - a potion of mutation {unknown}
Books
 c - a book of Minor Magic

   Spells                             Type                      Level
   a - Magic Dart                     Conjuration                  1
   b - Blink                          Translocation                2
   c - Call Imp                       Summoning                    2
   d - Slow                           Hexes                        2
   e - Conjure Flame                  Conjuration/Fire             3
   f - Mephitic Cloud                 Conjuration/Poison/Air       3
Comestibles
 d - 2 bread rations
 j - 4 fruits
 Q - 2 meat rations
 X - 2 royal jellies


   Skills:
 - Level 2.4 Dodging
 - Level 2.4 Stealth
 + Level 7.6 Spellcasting
 + Level 5.8 Conjurations
   Level 1.1 Summonings
 - Level 3.1 Translocations
 - Level 3.1 Fire Magic
 - Level 5.1 Air Magic
 - Level 4.1 Poison Magic


You had 13 spell levels left.
You knew the following spells:

 Your Spells              Type           Power        Failure   Level  Hunger
a - Magic Dart            Conj           ####         1%          1    None
d - Blink                 Tloc           N/A          2%          2    None
j - Conjure Flame         Conj/Fire      ####....     3%          3    None
m - Mephitic Cloud        Conj/Pois/Air  #####...     2%          3    None


Dungeon Overview and Level Annotations

Branches:
Dungeon (6/15)             Temple (1/1) D:4

Altars:
Ashenzari
Cheibriados
Dithmenos
Elyvilon
Fedhas
Gozag
Hepliaklqana
Kikubaaqudgha
Okawaru
Ru
Sif Muna
Trog
Uskayaw
Yredelemnul
Zin
The Shining One

Annotations:
D:6 kal9871's ghost, novice DsGl


Message History

The bullfrog zombie is lightly damaged.
You feel sick. You block the bullfrog zombie's attack.
The jackal completely misses you. You block the scorpion's attack.
The orc is engulfed in noxious fumes.
The orc appears confused.
The orc closely misses the orc priest.
As you read the scroll labeled CUIQOVVOUPS, it crumbles to dust.
You hear a loud clanging noise!
It was a scroll of noise.
You hear a bark!
You hear an angry hiss.
You hear a bark!
You hear a shout!
You hear a croak.
You hear a shout!
The bullfrog zombie hits you.
* * * LOW HITPOINT WARNING * * *
The jackal bites you.
* * * LOW HITPOINT WARNING * * *
The orc priest invokes the aid of Beogh against you.
Beogh smites you!
* * * LOW HITPOINT WARNING * * *
The scorpion barely misses you.
The orc is engulfed in noxious fumes.
The bullfrog zombie hits you.
You die...

,,,,,,** *,,,,* *,* *,*,
,,,,,,*****,*****##*,* *,*,
,,,,,,,,,,,,,,,,..#*,* *,*,
,**,*,*****,****#.#*.# *,*,
,**,,_,,***,*####.#*.#********,*,
,**,*,*,,,,,,,..#.##l#,,.,,,,,,,,
,**,*,,*,##.###.#....##..,,***,**
***,**,,,......h#........,,***,*
,,,,,,,,,.W....Z@s.......,,,,,>*
,,,,,,**,##.#####..####.,,,*****
,,,,,,,,,,,,,* #..# ******
,,,,,,*****,,* #..# ,,,,,,* *,,*
#..#********** ,,,,,,* **,,**
#..#*..,...,,* ,,,,,,* *,,,,*
#oo#*......",* *******
*,...###..##........****
*....................,,*


You could see a phantom, a scorpion, an iguana, an orc priest, an orc
(confused), a bullfrog zombie and a jackal.

Vanquished Creatures
  Duvessa (D:5)
  A black bear (D:5)
  An ogre (D:4)
  2 centaurs
  A crocodile (Sewer)
  A bullfrog (D:6)
  Dowan (D:5)
  2 scorpions (D:5)
  3 killer bees (D:4)
  2 howler monkeys
  2 hounds
  An orc priest (D:5)
  4 orc wizards
  2 worker ants
  A howler monkey zombie (D:4)
  6 gnolls
  15 adders
  An ooze (D:4)
  3 worms
  A dart slug (D:4)
  4 leopard geckos
  15 orcs
  5 giant cockroaches
  4 goblins
  5 hobgoblins
  4 jackals (D:2)
  9 kobolds
  5 quokkas
  4 ball pythons
  15 bats
  5 frilled lizards
  A leopard gecko skeleton (D:4)
  A leopard gecko zombie (D:5)
  A quokka skeleton (D:4)
  6 rats
135 creatures vanquished.

Vanquished Creatures (collateral kills)
  A killer bee (D:4)
1 creature vanquished.

Vanquished Creatures (others)
  An orc wizard (D:4)
1 creature vanquished.

Grand Total: 137 creatures vanquished

Notes
Turn   | Place    | Note
-------+----------+-------------------------------------------
     0 | D:1      | Gorglomux the Deep Elf Wizard began the quest for the Orb.
     0 | D:1      | Reached XP level 1. HP: 10/10 MP: 7/7
   224 | D:1      | Reached XP level 2. HP: 15/15 MP: 2/9
   789 | D:2      | Reached skill level 5 in Spellcasting
   958 | D:2      | Found a faded altar of an unknown god.
  1024 | D:2      | Reached XP level 3. HP: 19/19 MP: 7/11
  1029 | D:2      | Learned a level 3 spell: Mephitic Cloud
  1041 | D:2      | Found a glowing silver altar of Zin.
  1131 | D:2      | Reached skill level 3 in Conjurations
  1653 | D:2      | Learned a level 3 spell: Conjure Flame
  1653 | D:2      | Found a white marble altar of Elyvilon.
  1657 | D:2      | Learned a level 2 spell: Blink
  1728 | D:3      | Reached XP level 4. HP: 24/24 MP: 10/13
  1988 | D:3      | Found a glowing golden altar of the Shining One.
  1997 | D:3      | Became a worshipper of the Shining One
  2768 | D:3      | Reached XP level 5. HP: 23/28 MP: 9/14
  2816 | D:3      | Reached skill level 1 in Poison Magic
  3017 | D:4      | Found a hide-covered altar of Uskayaw.
  3017 | D:4      | Noticed a hand axe
  3017 | D:4      | Noticed a hand axe
  3028 | D:4      | Fell from the grace of the Shining One
  3028 | D:4      | Became a worshipper of Uskayaw the Reveler
  3037 | D:4      | Reached * piety under Uskayaw
  3038 | D:4      | Reached skill level 1 in Air Magic
  3078 | D:4      | Found a staircase to the Ecumenical Temple.
  3088 | Temple   | Entered the Ecumenical Temple
  3184 | Temple   | Fell from the grace of Uskayaw
  3184 | Temple   | Became a worshipper of Sif Muna the Loreminder
  3202 | D:4      | Noticed a centaur
  3203 | D:4      | Got an encrusted ring mail
  3350 | D:4      | Reached skill level 1 in Fire Magic
  3381 | D:4      | Reached XP level 6. HP: 18/32 MP: 1/15
  3569 | D:4      | Paralysed by the fury of Uskayaw for 2 turns
  3637 | D:4      | Found a glowing drain.
  3663 | Sewer    | Entered a sewer
  3824 | Sewer    | Reached skill level 3 in Translocations
  3824 | Sewer    | Reached XP level 7. HP: 36/36 MP: 5/16
  4012 | D:4      | Reached * piety under Sif Muna
  4035 | D:4      | Reached skill level 3 in Poison Magic
  4232 | D:4      | Reached skill level 3 in Fire Magic
  4239 | D:4      | Reached skill level 3 in Air Magic
  4779 | D:5      | Entered Level 5 of the Dungeon
  4791 | D:5      | HP: 1/36 [centaur (6)]
  5081 | D:5      | Reached ** piety under Sif Muna
  5179 | D:5      | Reached skill level 6 in Spellcasting
  5179 | D:5      | Reached XP level 8. HP: 41/41 MP: 8/19
  5248 | D:5      | Found an opulent altar of Gozag.
  5604 | D:5      | Noticed Dowan
  5605 | D:5      | Noticed Duvessa
  5611 | D:5      | Killed Duvessa
  5652 | D:5      | Killed Dowan
  5820 | D:5      | Reached skill level 7 in Spellcasting
  6276 | D:6      | Noticed kal9871's ghost (novice DsGl)
  6304 | D:6      | Found an iron altar of Okawaru.
  6321 | D:6      | HP: 1/41 [orc priest/divine providence (9)]
  6321 | D:6      | Slain by a bullfrog zombie

Vault maps used:
D:1:      lightli_arrival_flooded_house, corexii_hall_statues_t
D:2:      nicolae_overflow_hidden_temple, chequers_ecumenical_altar_simple_redux
D:3:      overflow_temple_1_default, hangedman_abyss_or_decor_stabs
D:4:      dancing_weapons_uskayaw, gup_sewer_entry_spiral, first_bread
D:5:      nicolae_gozag_seed_capital, uniq_duvessa
D:6:      lemuel_crystal_altar, okawaru_metal_pillars_1_2
Temple:   compressed_dpeg_circular_temple
Sewer:    sewer_big_baddie

Skill      XL: |  1  2  3  4  5  6  7  8 |
---------------+-------------------------+-----
Conjurations   | 2 3 5 |  5.8
Spellcasting   | 5 6 7 |  7.6
Poison Magic   | 1 2 4 |  4.1
Air Magic      | 1 2 4 5 |  5.1
Fire Magic     | 1 2 3 |  3.1
Translocations | 2 3 |  3.1
Dodging        | |  2.4
Stealth        | |  2.4
Summonings     | |  1.1

Action                   |  1- 3 |  4- 6 |  7- 9 || total
-------------------------+-------+-------+-------++-------
Melee: Dagger            |     4 |     8 |       ||    12
       Whip              |       |    14 |    18 ||    32
 Cast: Magic Dart        |    96 |   127 |   142 ||   365
       Mephitic Cloud    |     2 |    10 |    15 ||    27
       Blink             |       |     3 |     9 ||    12
       Conjure Flame     |       |     1 |       ||     1
  Use: Scroll            |       |       |    10 ||    10
       Potion            |       |       |     1 ||     1
 Stab: Confused          |     2 |     1 |     1 ||     4
  Eat: Chunk             |     2 |     7 |     8 ||    17
Armor: Robe              |     4 |     9 |     3 ||    16
Dodge: Dodged            |    11 |    36 |    42 ||    89
Block: Other             |       |       |     5 ||     5
